 Dungeon Crawl Stone Soup version 0.25-a0-743-g84dc20635f (webtiles) character file.

Game seed: 9129142095485524749, levelgen mode: deterministic

42 Nixze the Shooter (level 3, -10/30 HPs)
             Began as a Centaur Hunter on Apr 13, 2020.
             Mangled by an iguana (13 damage)
             ... on level 2 of the Dungeon.
             The game lasted 00:03:05 (1654 turns).

Nixze the Shooter (Centaur Hunter)                  Turns: 1654, Time: 00:03:06

Health: -10/30     AC:  4    Str: 15    XL:     3   Next: 35%
Magic:  3/3        EV:  9    Int: 10    God:
Gold:   38         SH:  0    Dex:  9    Spells: 2/2 levels left

rFire    . . .     SeeInvis .   a - +1 shortbow
rCold    . . .     Gourm    .   (shield currently unavailable)
rNeg     . . .     Faith    .   c - +0 leather armour
rPois    .         Spirit   .   (no helmet)
rElec    .         Reflect  .   (no cloak)
rCorr    .         Harm     .   (no gloves)
MR       .....                  (no barding)
Stlth    +.........             (no amulet)
HPRegen  0.10/turn              (no ring)
MPRegen  0.08/turn              (no ring)

@: very quick
A: large, hooves 3, deformed body, speed 2, tough skin 3
a: no special abilities


You were on level 2 of the Dungeon.
You were not hungry.

You visited 1 branch of the dungeon, and saw 2 of its levels.

You collected 38 gold pieces.

Inventory:

Hand Weapons
 a - a +1 shortbow (weapon)
 b - a +0 short sword
Missiles
 d - 16 arrows (quivered)
Armour
 c - a +0 leather armour (worn)
Scrolls
 e - a scroll of identify
 h - 2 scrolls of remove curse
 j - a scroll of blinking {unknown}
 l - a scroll of fear {unknown}
Potions
 g - a potion of heal wounds
 k - a potion of stabbing {unknown}
 m - a potion of magic {unknown}
Comestibles
 f - 3 rations
 i - 3 chunks of flesh


   Skills:
 + Level 2.4 Fighting
 + Level 1.0 Short Blades
 * Level 6.0 Bows
 + Level 1.8 Dodging
 - Level 0.4 Stealth


You had 2 spell levels left.
You didn't know any spells.
Your spell library was empty.

Dungeon Overview and Level Annotations

Branches:
Dungeon (2/15)

Altars:


Innate Abilities, Weirdness & Mutations

You have hooves in place of feet.
Armour fits poorly on your strangely shaped body.
You cover ground very quickly.
You have extremely tough skin. (AC +3)


Message History

The arrow hits the iguana but does no damage.
The iguana is heavily wounded.
Firing (i - inventory)
d - 19 arrows (quivered)
Press: ? - help, Shift-Dir - straight line, f/p - iguana
Aim: an iguana (heavily wounded)
You shoot an arrow. The arrow barely misses the iguana.
You see here a stone.
You see here a rat skeleton.
A leopard gecko comes into view.
The leopard gecko hisses angrily.
Firing (i - inventory)
d - 18 arrows (quivered)
Press: ? - help, Shift-Dir - straight line, f/p - iguana
Aim: an iguana (heavily wounded)
You shoot an arrow. The arrow barely misses the iguana.
Firing (i - inventory)
d - 17 arrows (quivered)
Press: ? - help, Shift-Dir - straight line, f/p - iguana
Aim: an iguana (heavily wounded)
You shoot an arrow. The arrow barely misses the iguana.
The iguana bites you!
You die...

#...........#
..#.......#
..........#
###....#..# #####
#..#.# ...##...#
#..#.#######.#.#
##. #....(# #<#.#
....#####.# #.#.#
#.........###.#@#
#.#.####..#.(.l.#
# #..(.#(..#
<...###.#.#.....#
.......(#....l..#
###.#######.#.###
....# #....#
#..#.#


You could see an iguana and a leopard gecko.

Vanquished Creatures
  A dart slug (D:1)
  2 leopard geckos (D:1)
  A ball python (D:1)
  A giant cockroach (D:1)
  6 hobgoblins (D:1)
  6 kobolds
  9 bats (D:1)
  A frilled lizard (D:1)
  7 goblins
  3 rats
37 creatures vanquished.

Notes
Turn   | Place    | Note
-------+----------+-------------------------------------------
     0 | D:1      | Nixze the Centaur Hunter began the quest for the Orb.
     0 | D:1      | Reached XP level 1. HP: 17/17 MP: 1/1
   309 | D:1      | Reached XP level 2. HP: 24/24 MP: 2/2
   673 | D:1      | Reached XP level 3. HP: 26/30 MP: 3/3
  1516 | D:2      | Reached skill level 6 in Bows
  1614 | D:2      | Reached skill level 1 in Short Blades
  1634 | D:2      | HP: 1/30 [iguana (13)]
  1654 | D:2      | Mangled by an iguana

Levels and vault maps discovered:
D:1:      minmay_arrival_four_houses, layout_loops_cross, minmay_hexomino_u4
D:2:      layout_basic, eat_drink_and_be_merry_uskayaw,
          nicolae_dithmenos_shadow_blocks, chequers_ecumenical_altar_simple,
          serial_bayou_pond_c, uniq_terence, uniq_natasha

Skill      XL: |  1  2  3 |
---------------+----------+-----
Bows           | 6 |  6.0
Short Blades   | 1 |  1.0
Fighting       | |  2.4
Dodging        | |  1.8
Stealth        | |  0.4

Action                   || total
-------------------------++-------
Melee: Short sword       ||   123
       Kick              ||    17
 Fire: Shortbow          ||     4
  Use: Scroll            ||     2
  Eat: Chunk             ||     2
Armor: Leather armour    ||    51
Dodge: Dodged            ||    83

Table legend:
 A = Non-vault XP
 B = Vault XP
 C = Vault XP percentage of total XP
 D = Non-vault monster count
 E = Vault monster count
 F = Vault count percentage of total count
                 A         B        C        D         E       F
            +---------+---------+-------+---------+---------+-------
      Total |      53 |       8 |  13.1 |      33 |       4 |  10.8
            +---------+---------+-------+---------+---------+-------
        D:1 |      48 |       8 |  14.3 |      30 |       4 |  11.8
        D:2 |       5 |       0 |   0.0 |       3 |       0 |   0.0
            +---------+---------+-------+---------+---------+-------
